 Dungeon Crawl Stone Soup version 0.29.1-12-g30fa7ad0bf (webtiles) character file.

Game seed: 7847072631747447045

6 hawla the Chiller (level 2, 0/20 HPs)
             Began as a Meteoran Ice Elementalist on Dec 12, 2022.
             Succumbed to a kobold brigand's poison
             ... on level 5 of the Dungeon.
             The game lasted 00:01:06 (175 turns).

hawla the Chiller (Meteoran Ice Elementalist)        Turns: 175, Time: 00:01:07

Health: 0/20       AC:  2    Str:  9    XL:     2   Next: 11%
Magic:  5/6        EV: 12    Int: 16    God:
Gold:   12         SH:  0    Dex: 14    Spells: 5/6 levels left

rFire   . . .      SeeInvis .   (no weapon)
rCold   . . .      Faith    .   (no shield)
rNeg    . . .      Spirit   .   a - +0 robe
rPois   .          Reflect  .   (no helmet)
rElec   .          Harm     .   (no cloak)
rCorr   .          Rampage  .   (no gloves)
Will    .....                   (no boots)
Stlth   +.........              (no amulet)
HPRegen 0.06/turn               (no ring)
MPRegen 0.10/turn               (no ring)

@: lethally poisoned (0 -> -2), attractive, glowing
A: sense surroundings 1, otherworldly, glowing, explore regen
a: no special abilities


You were on level 5 of the Dungeon.
You visited 1 branch of the dungeon, and saw 5 of its levels.

You collected 12 gold pieces.

Inventory:

Armour
 a - a +0 robe (worn)
Potions
 b - a potion of magic
 d - a potion of degeneration {unknown}
 e - a potion of brilliance {unknown}


   Skills:
 + Level 2.4 Dodging
 - Level 1.4 Stealth
 + Level 2.7 Spellcasting
 + Level 4.7 Ice Magic


You had 5 spell levels left.
You knew the following spells:

 Your Spells              Type           Power      Damage    Failure   Level
a - Freeze                Ice            68%        1d8       2%          1

Your spell library contained the following spells:

 Spells                   Type           Power      Damage    Failure   Level
 Frozen Ramparts          Ice            34%        1d6       9%          3
 Ozocubu's Armour         Ice            17%        N/A       9%          3
 Hailstorm                Conj/Ice       9%         3d4       58%         4


Dungeon Overview and Level Annotations

Branches:
Dungeon (5/15) Zot: 2820
 Temple: D:4-7

Altars:


Innate Abilities, Weirdness & Mutations

You passively map a small area around you.
You are easily found by Zot.
You glow in the dark.
You regain HP and MP as you explore.


Message History

The kobold brigand throws a poisoned dart.
The poisoned dart barely misses you.
A kobold comes into view. It is wielding a +0 short sword.
The kobold brigand throws a poisoned dart.
The poisoned dart closely misses you.
A kobold comes into view. It is wielding a +0 whip.
The kobold shouts!
The kobold brigand throws a poisoned dart.
The poisoned dart misses you.
The kobold shouts!
The kobold brigand throws a poisoned dart.
The poisoned dart hits you.
You are poisoned.
You feel sick.
Casting: Freeze (safe; 2% risk of failure)
Confirm with . or Enter, or press ? or * to list all spells.
Aiming: Freeze (safe; 2% risk of failure)
Press: ? - help, Shift-Dir - straight line, f - kobold brigand
Aim: a kobold brigand, wielding a +0 dagger and quivering poisoned darts You freeze the kobold brigand.
The kobold brigand is lightly wounded.
You feel sick.
The kobold hits you with a +0 short sword.
The kobold brigand hits you with a +0 dagger.
Casting: Freeze (safe; 2% risk of failure)
Confirm with . or Enter, or press ? or * to list all spells.
Aiming: Freeze (safe; 2% risk of failure)
Press: ? - help, Shift-Dir - straight line, f/p - kobold brigand
Aim: a kobold brigand, wielding a +0 dagger and quivering poisoned darts You freeze the kobold brigand.
The kobold brigand is lightly wounded.
You feel sick.
The kobold brigand hits you with a +0 dagger.
* * * LOW HITPOINT WARNING * * *
An orc wizard comes into view. It is wielding a +3 dagger.
The kobold hits you with a +0 short sword.
* * * LOW HITPOINT WARNING * * *
It was a potion of attraction.
You feel attractive to monsters.
You die...

, , * .....,* *
...$...# , ,
##......#* #
........# ,* .#
, ,
#......###+###.#
#..............#
, *#...........#
####.#K......###
,,
o.....K@..#.###
*
#.....K#.#..<.#
#.....#####.###
* #.....* ### ,
#.... * #....
,** #... ,, *
...., , , , *


You could see a kobold brigand, an orc wizard (wandering) and 2 kobolds.

Vanquished Creatures
  An endoplasm (D:3)
  A giant cockroach (D:3)
  A hobgoblin (D:2)
  A ball python (D:1)
  A frilled lizard (D:3)
  A kobold (D:3)
6 creatures vanquished.

Notes
Turn   | Place    | Note
-------+----------+-------------------------------------------
     0 | D:1      | hawla the Meteoran Ice Elementalist began the quest for the
                  | Orb.
     0 | D:1      | Reached XP level 1. HP: 14/14 MP: 5/5
     8 | D:1      | Found a faded altar of an unknown god.
   132 | D:3      | Reached XP level 2. HP: 13/20 MP: 1/6
   160 | D:4      | Noticed an ice beast
   164 | D:5      | Entered Level 5 of the Dungeon
   168 | D:5      | Noticed a kobold brigand
   174 | D:5      | HP: 1/20 [kobold/+0 short sword (3)]
   175 | D:5      | Succumbed to a kobold brigand's poison

Illustrated notes

Levels and vault maps discovered:
D:1:      dpeg_arrival_radiant, layout_loops_ring,
          chequers_ecumenical_altar_island, dreamdust_princess_corridor,
          st_stairs_12
D:2:      layout_rooms, st_stairs_10, uniq_jessica
D:3:      layout_loops_ring
D:4:      layout_gridville
D:5:      layout_cave_pools, lemuel_doored_altar, enter_ossuary_2,
          grunt_ministairs_15

Action                   || total
-------------------------++-------
Melee: Unarmed           ||     8
 Cast: Freeze            ||    10
  Use: Scroll            ||     1
       Potion            ||     1
Armor: Robe              ||     2
Dodge: Dodged            ||    13
